[Event "Team 45 45 League T49"]
[Site "Internet Chess Club"]
[Date "2011.05.22"]
[Round "2"]
[White "Esslinger"]
[Black "papricka205"]
[Result "1-0"]
[WhiteElo "1384"]
[BlackElo "1465"]
[Opening "QGA, 4.Nc3"]
[ECO "D24"]
[Time "16:23:21"]
[TimeControl "2700+45"]

1. d4 d5 2. c4 dxc4 3. Nc3 Nf6 4. Nf3 Bg4 5. e3 Nc6 6. Bxc4 e6 7. O-O Bd6 8. e4
e5 9. d5 Nd4 10. Qa4+ Qd7 11. Qxd7+ Kxd7 12. Ng5 Rhf8 13. f3 Bh5 14. Ne2 c6 15.
Nxd4 exd4 16. f4 cxd5 17. Bb5+ Kc7 18. e5 Bc5 19. exf6 d3+ 20. Kh1 gxf6 21. Nf3
Bg6 22. Bd2 a6 23. Ba4 b5 24. Bb3 Kc6 25. Rac1 Kd6 26. Rce1 Rfe8 27. Bc3 d4 28.
Nxd4 Bxd4 29. Bxd4 d2 30. Rd1 Re2 31. Bc3 Be4 32. Rxd2+ Rxd2 33. Bxd2 Rg8 34.
Rf2 Bd5 35. Bb4+ Kc6 36. Rc2+ Bc4 37. Bxc4 bxc4 38. Rxc4+ Kb5 39. b3 a5 40. Bc3
Rd8 41. h3 f5 42. Kh2 Rd3 43. Rc7 h6 44. Bg7 Rd2 45. a4+ Kb4 46. Bc3+ Kxb3 47.
Bxd2 Kxa4 48. Rxf7 Kb3 49. Bxa5 h5 50. Rxf5 h4 51. Rh5 Kc4 52. Rxh4 Kd5 53. Rh5+
Ke6 54. Rg5 Kf6 55. h4 Kf7 56. h5 Kf8 57. h6 Kf7 58. h7 Kf6 59. h8=Q+ Ke6 60.
Qe5+ Kf7 61. Rf5+ Kg8 62. Qc7 Kh8 63. Rf8# {Black checkmated} 1-0

[Event "Team 45 45 League T49"]
[Site "Internet Chess Club"]
[Date "2011.05.23"]
[Round "2"]
[White "lisalin2000"]
[Black "AlPearson"]
[Result "1/2-1/2"]
[WhiteElo "1349"]
[BlackElo "1420"]
[Opening "Caro-Kann: advance variation"]
[ECO "B12"]
[Time "19:02:59"]
[TimeControl "2700+45"]

1. e4 c6 2. d4 d5 3. e5 Bf5 4. Be3 e6 5. Bd3 Bxd3 6. Qxd3 Ne7 7. Nf3 Nf5 8. Bg5
Be7 9. Bxe7 Qxe7 10. Nbd2 Nd7 11. c4 dxc4 12. Qxc4 Nb6 13. Qc3 O-O 14. O-O Rfd8
15. Nc4 Nd5 16. Qd3 Rd7 17. a3 Rad8 18. Rfd1 Nb6 19. Nxb6 axb6 20. Qb3 Nxd4 21.
Nxd4 Rxd4 22. Rxd4 Rxd4 23. Qxb6 Qd7 24. h3 Rd2 25. Re1 Kf8 26. b4 Ke7 27. Qc5+
Ke8 28. Rb1 Qd4 29. Qxd4 Rxd4 30. b5 cxb5 31. Rxb5 Rd7 32. a4 Kd8 33. a5 Kc8 34.
Kf1 Rd5 35. Rxd5 exd5 36. Ke2 Kc7 37. Kd3 Kc6 38. Kd4 Kb5 39. Kxd5 Kxa5 40. Kd6
b5 41. Ke7 b4 42. Kxf7 b3 43. e6 b2 44. e7 b1=Q 45. e8=Q Qb7+ 46. Kg8 Qxg2 47.
Kxh7 Qxh3+ 48. Kxg7 Qg2+ 49. Qg6 Qxf2 50. Qg5+ Kb4 51. Qe7+ Kc4 52. Qc7+ Kd5 53.
Qb7+ Kc4 54. Qa6+ Kd5 55. Qa8+ Kc4 56. Qa4+ Kd5 {Game drawn by mutual agreement}
1/2-1/2

[Event "Team 45 45 League T49"]
[Site "Internet Chess Club"]
[Date "2011.05.18"]
[Round "2"]
[White "AtomicDog"]
[Black "Goldenberg"]
[Result "1-0"]
[WhiteElo "1446"]
[BlackElo "1231"]
[Opening "Sicilian: accelerated fianchetto, modern variation with Bc4"]
[ECO "B35"]
[Time "17:30:10"]
[TimeControl "2700+45"]

1. e4 c5 2. Nf3 g6 3. d4 cxd4 4. Nxd4 Nc6 5. Bc4 Bg7 6. Be3 Nf6 7. Nc3 O-O 8.
Bb3 e6 9. f3 Qb6 10. Qd2 Qd8 11. O-O-O a6 12. h4 d5 13. exd5 exd5 14. g4 Na5 15.
h5 Nc4 16. Bxc4 dxc4 17. Bh6 Nxg4 18. fxg4 Bxg4 19. Bxg7 Bxd1 20. Bxf8 Kxf8 21.
Rxd1 Qh4 22. hxg6 hxg6 23. Qe3 Re8 24. Qg1 Qf4+ 25. Kb1 Re5 26. Nce2 Qe4 27. Qf2
Qe3 28. Qxe3 Rxe3 29. Nc3 g5 30. Nf5 Re5 31. Rd8+ Re8 32. Rxe8+ Kxe8 33. Nd6+
Kd7 34. Nxf7 g4 35. Ne2 Ke6 36. Nh6 g3 37. Nxg3 Kd5 38. c3 b5 39. Kc2 Kc5 40.
Ne4+ Kc6 41. Nf5 a5 42. Ne3 a4 43. Nd2 Kc5 44. b3 axb3+ 45. Nxb3+ cxb3+ 46. Kxb3
Kb6 47. Kb4 Kc6 48. a3 Kb6 49. Nd5+ Kc6 50. Ne7+ Kb6 51. Nc8+ Kc7 52. Kxb5 Kxc8
53. Kb6 Kb8 54. c4 Kc8 55. Kc6 Kb8 56. Kd7 Kb7 57. c5 Ka6 58. c6 Ka5 59. c7 Ka4
60. c8=Q Kxa3 61. Qb8 Ka4 62. Kc7 Ka5 63. Kc6 Ka4 64. Kc5 Ka3 65. Kc4 Ka2 66.
Kc3 Ka1 67. Qb2# {Black checkmated} 1-0

[Event "Team 45 45 League T49"]
[Site "Internet Chess Club"]
[Date "2011.05.23"]
[Round "2"]
[White "Gilguli"]
[Black "BrerRabbit"]
[Result "1-0"]
[WhiteElo "1468"]
[BlackElo "1517"]
[Opening "King's Indian defense, 3.Nc3"]
[ECO "E61"]
[Time "14:01:29"]
[TimeControl "2700+45"]

1. d4 Nf6 2. c4 g6 3. Nc3 Bg7 4. Nf3 O-O 5. Bf4 d6 6. e3 c5 7. d5 h6 8. h3 Bf5
9. Bd3 Bxd3 10. Qxd3 Qb6 11. O-O Nh5 12. Bh2 a6 13. Rab1 Nd7 14. Rfe1 Rad8 15.
e4 Ne5 16. Nxe5 Bxe5 17. Bxe5 dxe5 18. b3 Ng7 19. Na4 Qc7 20. Qe3 Rd6 21. Nxc5
Rf6 22. Nd3 g5 23. Qc5 Qd7 24. Nxe5 Qd8 25. Ng4 Rg6 26. Qd4 Nh5 27. b4 Nf6 28.
Nxf6+ Rxf6 29. c5 Qc8 30. b5 Qd8 31. bxa6 bxa6 32. c6 Rxc6 33. Qa4 Rb6 34. Rxb6
Qxb6 35. Qb3 Rb8 36. Qxb6 Rxb6 37. Re2 Kg7 38. Rc2 Rb1+ 39. Kh2 Kf6 40. Rc6+ Ke5
41. f3 Rb2 42. Rxa6 h5 43. Ra7 Kd6 44. Ra6+ Ke5 45. Rh6 Rxa2 46. Rxh5 f6 47. Rh7
Kd6 48. h4 gxh4 49. Rxh4 Rb2 50. Kh3 Rf2 51. Kg3 Re2 52. Rf4 Ke5 53. Rf5+ Kd4
54. d6 exd6 55. Rd5+ Ke3 56. Rxd6 {Black resigns} 1-0

[Event "Team 45 45 League T49"]
[Site "Internet Chess Club"]
[Date "2011.05.23"]
[Round "2"]
[White "heyLowHack"]
[Black "arconia"]
[Result "1-0"]
[WhiteElo "1520"]
[BlackElo "1270"]
[Opening "Sicilian: Taimanov variation"]
[ECO "B46"]
[Time "21:00:21"]
[TimeControl "2700+45"]

1. e4 c5 2. Nf3 Nc6 3. d4 cxd4 4. Nxd4 e6 5. Nc3 a6 6. Nxc6 bxc6 7. Bd3 e5 8.
Qh5 d6 9. Bc4 g6 10. Qf3 Be6 11. Bxe6 fxe6 12. O-O Nf6 13. Qh3 Qe7 14. f4 Bg7
15. fxe5 dxe5 16. Bg5 O-O 17. Rf3 Rad8 18. Raf1 Rd2 19. Bxd2 {Black resigns} 1-0

[Event "Team 45 45 League T49"]
[Site "Internet Chess Club"]
[Date "2011.05.23"]
[Round "2"]
[White "eyalki"]
[Black "Cicero"]
[Result "1/2-1/2"]
[WhiteElo "1445"]
[BlackElo "1330"]
[Opening "Sicilian: Hungarian variation"]
[ECO "B34"]
[Time "14:31:45"]
[TimeControl "2700+45"]

1. e4 c5 2. Nf3 g6 3. Nc3 Bg7 4. d4 cxd4 5. Nxd4 Nc6 6. Nxc6 bxc6 7. Bc4 e6 8.
O-O Ne7 9. Bg5 h6 10. Be3 Rb8 11. Rb1 Qc7 12. Bd4 e5 13. Be3 O-O 14. Qd2 Kh7 15.
b4 d5 16. exd5 cxd5 17. Bxd5 Nxd5 18. Nxd5 Qb7 19. c4 Be6 20. b5 Rfd8 21. Qa5
Rd7 22. Qa6 Qxa6 23. bxa6 Rxb1 24. Rxb1 Bxd5 25. cxd5 Rxd5 26. Bxa7 Rd2 27. g3
Rxa2 28. Rb6 e4 29. Bb8 Bd4 30. Rc6 Rxf2 31. Rc4 Rd2+ 32. Kf1 e3 33. Ke1 Bb6 34.
Ra4 Rf2 35. a7 Bxa7 36. Bxa7 Rxh2 37. Bxe3 g5 38. Bf2 h5 39. Kf1 g4 40. Kg1 Rh3
41. Kg2 Kg6 42. Ra5 Kg7 43. Ra6 f6 44. Bd4 Kf7 45. Rxf6+ Ke8 46. Rh6 Kd7 47. Rf6
Ke8 48. Rf1 h4 49. Be5 Kd7 50. Rf7+ Ke6 51. Rh7 hxg3 52. Rxh3 gxh3+ 53. Kxh3
{Game drawn by mutual agreement} 1/2-1/2

[Event "Team 45 45 League T49"]
[Site "Internet Chess Club"]
[Date "2011.05.22"]
[Round "2"]
[White "Xanther"]
[Black "Invicta-Knight"]
[Result "1-0"]
[WhiteElo "1431"]
[BlackElo "1507"]
[Opening "Scandinavian defense"]
[ECO "B01"]
[Time "10:06:32"]
[TimeControl "2700+45"]

1. e4 d5 2. exd5 Nf6 3. Nf3 Bg4 4. Be2 Qxd5 5. Nc3 Qd6 6. d4 c6 7. Bg5 h6 8. Bh4
Nbd7 9. Bg3 Qb4 10. Rb1 O-O-O 11. a3 Qa5 12. Qd3 Nc5 13. Qe3 Nce4 14. b4 Qxa3
15. Nxe4 Qxe3 16. fxe3 Nxe4 17. Ne5 Be6 18. Bf2 Nxf2 19. Kxf2 Rg8 20. c4 f6 21.
Nf3 Bf5 22. Ra1 Kb8 23. c5 g5 24. b5 Be4 25. Nd2 Bd5 26. e4 Bf7 27. bxc6 bxc6
28. Rhb1+ Ka8 29. Ba6 Rb8 30. Rxb8+ Kxb8 31. Rb1+ Kc7 32. Rb7+ Kd8 33. Rxa7 e5
34. Rxf7 Be7 35. dxe5 fxe5 36. Bb7 Bxc5+ 37. Ke2 Rf8 38. Rxf8+ Bxf8 39. Bxc6 Kc7
40. Bd5 Kd6 41. Nc4+ Kc5 42. Nxe5 Bd6 43. Nf7 Bxh2 44. Kf3 Bf4 45. Nxh6 Be5 46.
Nf7 Bf6 47. Kg4 Kd4 48. Nxg5 Bxg5 49. Kxg5 Ke5 50. Kh6 Kf6 51. g4 {Black
resigns} 1-0

[Event "Team 45 45 League T49"]
[Site "Internet Chess Club"]
[Date "2011.05.21"]
[Round "2"]
[White "matthewc"]
[Black "Kristian1974"]
[Result "0-1"]
[WhiteElo "1446"]
[BlackElo "1528"]
[Opening "Caro-Kann: anti-anti-Caro-Kann defense"]
[ECO "A11"]
[Time "15:31:49"]
[TimeControl "2700+45"]

1. c4 c6 2. e4 d5 3. cxd5 cxd5 4. exd5 Qxd5 5. Nc3 Qe5+ 6. Be2 Bg4 7. d4 Bxe2 8.
Ngxe2 Qa5 9. Bf4 Nf6 10. O-O g6 11. Qb3 Qa6 12. Nb5 Kd7 13. Rfe1 Qb6 14. Bc7 Qe6
15. d5 Nxd5 16. Nec3 Qxe1+ 17. Rxe1 Nxc7 18. Nxc7 Kxc7 19. Nb5+ Kc8 20. Qc4+ Nc6
21. Qxf7 Bh6 22. Rxe7 Nxe7 23. Qxe7 Bf4 24. Qf6 Rd8 25. g3 a6 26. Qxf4 axb5 27.
Qb4 Rxa2 28. Qxb5 Kb8 29. Qb6 Rc8 30. Qd6+ Ka8 31. Qe6 Rc1+ 32. Kg2 Rxb2 33.
Qg8+ Ka7 34. Qxh7 Rcc2 35. Qf7 Rxf2+ 36. Qxf2+ Rxf2+ 37. Kxf2 b5 38. Ke3 Kb6 39.
Kd4 Kc6 40. g4 g5 41. h3 Kd6 42. Kc3 Kc5 43. h4 gxh4 44. g5 Kd6 45. Kb4 h3 46.
g6 Ke7 47. Kxb5 h2 48. g7 Kf7 49. Kc4 Kxg7 50. Kd3 h1=Q 51. Ke2 Qh3 52. Kf2 Kf6
53. Ke2 Kf5 54. Kf2 Kf4 55. Ke2 Qf3+ 56. Kd2 Qe3+ 57. Kc2 Ke4 58. Kb2 Qd3 59.
Ka2 Kd4 60. Kb2 Kc4 61. Ka2 Kc3 62. Ka1 Kc2 63. Ka2 Qb3+ 64. Ka1 Qb2# {White
checkmated} 0-1

[Event "Team 45 45 League T49"]
[Site "Internet Chess Club"]
[Date "2011.05.23"]
[Round "2"]
[White "oldprez"]
[Black "PsyMar"]
[Result "0-1"]
[WhiteElo "1366"]
[BlackElo "1388"]
[Opening "Four knights: Italian variation"]
[ECO "C47"]
[Time "14:00:15"]
[TimeControl "2700+45"]

1. e4 Nf6 2. Nc3 e5 3. Nf3 Nc6 4. Bc4 Nxe4 5. Nxe4 d5 6. Bd3 dxe4 7. Bxe4 Bd7 8.
O-O Bd6 9. d4 exd4 10. Nxd4 Qh4 11. Nf5 Qxh2# {White checkmated} 0-1

[Event "Team 45 45 League T49"]
[Site "Internet Chess Club"]
[Date "2011.05.21"]
[Round "2"]
[White "JimGaming"]
[Black "doublepar"]
[Result "0-1"]
[WhiteElo "1231"]
[BlackElo "1405"]
[Opening "Scotch gambit"]
[ECO "C44"]
[Time "14:04:46"]
[TimeControl "2700+45"]

1. e4 e5 2. Nf3 Nc6 3. d4 exd4 4. Bc4 d6 5. Bxf7+ Kxf7 6. Ng5+ Ke8 7. Nf3 Ne5 8.
Qxd4 Nxf3+ 9. gxf3 Qf6 10. Qxf6 Nxf6 11. Nc3 c6 12. Bd2 Be6 13. O-O-O Kf7 14.
Kb1 b5 15. Ne2 g6 16. Nd4 Bd7 17. Bf4 a5 18. Ne2 d5 19. e5 Nh5 20. Bg3 Be6 21.
Nd4 Rc8 22. a3 Nxg3 23. hxg3 h5 24. f4 Bc5 25. Rd2 Bxd4 26. Rxd4 c5 27. Rd2 Rhd8
28. f3 d4 29. Rdh2 Bd5 30. Rf2 c4 31. g4 hxg4 32. Rh7+ Ke6 33. fxg4 d3 34. cxd3
cxd3 35. Rd2 Be4 36. Ra7 Ra8 37. Rc7 Rac8 38. Ra7 Rd7 39. Ra6+ Rc6 40. Rxa5 Rc2
41. Rxc2 d2 42. Ra6+ Ke7 {White resigns} 0-1

[Event "Team 45 45 League T49"]
[Site "Internet Chess Club"]
[Date "2011.05.22"]
[Round "2"]
[White "hi12980"]
[Black "Just-Jim"]
[Result "1-0"]
[WhiteElo "1391"]
[BlackElo "1370"]
[Opening "Scandinavian (center counter) defense"]
[ECO "B01"]
[Time "13:00:27"]
[TimeControl "2700+45"]

1. e4 d5 2. exd5 Qxd5 3. Nc3 Qd8 4. d4 f5 5. Bf4 a6 6. Nf3 Nc6 7. Bc4 h6 8. Ne5
Nxe5 9. Bxe5 e6 10. Qh5+ Ke7 11. Bg3 Nf6 12. Bh4 g5 13. Bxg5 Qxd4 14. Bxf6+ Qxf6
15. O-O Bg7 16. Qf3 c6 17. Rfe1 Bd7 18. b4 b5 19. Bxe6 Bxe6 20. Qxc6 Rhc8 21.
Nd5+ Kf7 22. Qb7+ Kf8 23. Nxf6 Bxf6 24. Rxe6 Bxa1 25. Re7 Re8 26. Rf7+ Kg8 27.
h3 Re1+ 28. Kh2 Be5+ 29. g3 Re8 30. Qd5 Bxg3+ 31. Kxg3 R1e5 32. Qd7 f4+ 33. Kf3
{Black resigns} 1-0

[Event "Team 45 45 League T49"]
[Site "Internet Chess Club"]
[Date "2011.05.20"]
[Round "2"]
[White "dabodhi"]
[Black "kingsleywang"]
[Result "1-0"]
[WhiteElo "1210"]
[BlackElo "1299"]
[Opening "Scotch gambit"]
[ECO "C44"]
[Time "18:30:32"]
[TimeControl "2700+45"]

1. e4 e5 2. Nf3 Nc6 3. d4 exd4 4. Bc4 Bc5 5. c3 Nf6 6. e5 Qe7 7. cxd4 Bb6 8. Be3
Qb4+ 9. Nbd2 Ng4 10. Bxf7+ Ke7 11. Ng5 Nxe3 12. fxe3 h6 13. a3 Qxb2 14. Rb1 Qxa3
15. O-O Qxe3+ 16. Kh1 Qxg5 17. Ne4 Qe3 18. Ng3 Qxd4 19. Nf5+ Kd8 20. Nxd4 Bxd4
21. Qg4 Bxe5 22. Rbd1 d6 23. Qh4+ g5 24. Qc4 Ke7 25. Bh5 Be6 26. Qb5 Rab8 27.
Rf3 a6 28. Qf1 Rbd8 29. Rf7+ Ke8 30. Rxc7+ Bf7 31. Qxf7# {Black checkmated} 1-0

[Event "Team 45 45 League T49"]
[Site "Internet Chess Club"]
[Date "2011.05.22"]
[Round "2"]
[White "theartist"]
[Black "XGG123"]
[Result "1-0"]
[WhiteElo "1161"]
[BlackElo "874"]
[Opening "Grünfeld: modern exchange variation"]
[ECO "D85"]
[Time "15:02:37"]
[TimeControl "2700+45"]

1. d4 Nf6 2. c4 g6 3. Nc3 d5 4. cxd5 Nxd5 5. e4 Nxc3 6. bxc3 Bg7 7. Nf3 O-O 8.
Be2 Bg4 9. O-O Nc6 10. Be3 Qd6 11. Rb1 Na5 12. Qd3 Be6 13. d5 Bg4 14. Qb5 b6 15.
Qb4 Qf6 16. Bd4 Qf5 17. exf5 gxf5 18. Bxg7 Kxg7 19. Qd4+ Kg8 20. Qe5 f6 21. Qxc7
Rac8 22. Qxa7 Ra8 23. Qxb6 Rfb8 24. Qxb8+ Rxb8 25. Rxb8+ Kg7 26. Rb5 Bxf3 27.
Bxf3 Kf7 28. Rxa5 e6 29. Ra7+ Kg6 30. dxe6 h5 31. e7 Kf7 32. Bxh5+ Ke6 33. e8=Q+
Kd5 34. Rd1+ Kc5 35. Rc7+ Kb6 36. Qb8+ Ka6 37. Rd5 f4 38. Qb7# {Black
checkmated} 1-0

[Event "Team 45 45 League T49"]
[Site "Internet Chess Club"]
[Date "2011.05.19"]
[Round "2"]
[White "Lyko"]
[Black "baseball613"]
[Result "1-0"]
[WhiteElo "1381"]
[BlackElo "1368"]
[Opening "QGD Slav defense"]
[ECO "D10"]
[Time "20:05:51"]
[TimeControl "2700+45"]

1. d4 c6 2. c4 d5 3. Nc3 Bf5 4. e3 Nf6 5. Bd3 Bg6 6. Bxg6 hxg6 7. Nf3 Nbd7 8.
cxd5 cxd5 9. Qd3 e6 10. e4 Qb6 11. exd5 Nxd5 12. Nxd5 exd5 13. O-O Bd6 14. Re1+
Be7 15. Qe2 Qd6 16. Bf4 Qb4 17. a3 Qc4 18. Qxe7# {Black checkmated} 1-0

[Event "Team 45 45 League T49"]
[Site "Internet Chess Club"]
[Date "2011.05.18"]
[Round "2"]
[White "joshq03"]
[Black "PsyMar"]
[Result "0-1"]
[WhiteElo "1253"]
[BlackElo "1372"]
[Opening "Vienna gambit"]
[ECO "C29"]
[Time "19:38:27"]
[TimeControl "2700+45"]

1. e4 e5 2. Nc3 Nf6 3. f4 d5 4. fxe5 Nxe4 5. Nxe4 dxe4 6. Bc4 e3 7. dxe3 Qh4+ 8.
g3 Qxc4 9. Nf3 Bc5 10. Bd2 Qe4 11. Rf1 Bh3 12. Ng5 Qg2 13. Nxh3 Qxh3 14. Qf3 O-O
15. O-O-O Nc6 16. Bc3 Rae8 17. Rfe1 Nxe5 18. Qxb7 Bb6 19. Re2 Ng4 20. Rde1 Nxh2
21. Qh1 Bxe3+ 22. Kb1 Qxg3 23. Bb4 c5 24. Bxc5 Bxc5 25. Rxe8 Nf3 26. Rxf8+ Kxf8
27. Rf1 Nd2+ 28. Kc1 Nxf1 29. Qxf1 Qf2 30. Qh1 Qg1+ 31. Qxg1 Bxg1 32. Kd2 f5 33.
Ke2 Ke7 34. Kf3 g5 35. Kg3 f4+ 36. Kg4 h6 37. c4 Bc5 38. a3 a5 39. a4 Ke6 40. b3
h5+ 41. Kf3 Ke5 42. Ke2 g4 43. Kf1 h4 44. Kg2 f3+ 45. Kh2 Kf4 46. Kh1 g3 47. b4
axb4 48. a5 h3 49. a6 h2 50. a7 Bg1 51. a8=Q g2# {White checkmated} 0-1

[Event "Team 45 45 League T49"]
[Site "Internet Chess Club"]
[Date "2011.05.22"]
[Round "2"]
[White "JimGaming"]
[Black "wildcat2023"]
[Result "0-1"]
[WhiteElo "1221"]
[BlackElo "1368"]
[Opening "Scotch gambit: Dubois-Réti defense"]
[ECO "C55"]
[Time "10:46:13"]
[TimeControl "2700+45"]

1. e4 e5 2. Nf3 Nc6 3. d4 exd4 4. Bc4 Nf6 5. e5 d5 6. Bb5 Ne4 7. Nxd4 Bd7 8.
Bxc6 Bxc6 9. O-O Bc5 10. f3 Ng5 11. f4 Ne4 12. f5 O-O 13. Nc3 Qh4 14. Rf4 Qe7
15. f6 Qxe5 16. fxg7 Bxd4+ 17. Kh1 Nf2+ 18. Rxf2 Bxf2 19. Ne2 Rfe8 20. Bh6 Qxe2
21. Qxe2 Rxe2 22. g3 d4# {White checkmated} 0-1

[Event "Team 45 45 League T49"]
[Site "Internet Chess Club"]
[Date "2011.05.24"]
[Round "2"]
[White "Cicero"]
[Black "doublepar"]
[Result "0-1"]
[WhiteElo "1317"]
[BlackElo "1418"]
[Opening "Vienna game"]
[ECO "C26"]
[Time "11:00:49"]
[TimeControl "2700+45"]

1. e4 e5 2. Nc3 Nf6 3. Bc4 c6 4. d3 d5 5. Bb3 Bb4 6. Ne2 dxe4 7. O-O exd3 8. Bg5
dxe2 9. Qxe2 O-O 10. Ne4 Be7 11. Rad1 Nbd7 12. Bxf6 Bxf6 13. Qg4 Qe7 14. Rfe1
Nc5 15. Qf3 Nxb3 16. Qxb3 Be6 17. Nxf6+ Qxf6 18. Qxb7 Bd5 19. c4 Rfb8 20. Qc7
Rxb2 21. Rf1 Bxc4 22. Rb1 Qxf2+ 23. Rxf2 Rxb1+ 24. Rf1 Rxf1# {White checkmated}
0-1

[Event "Team 45 45 League T49"]
[Site "Internet Chess Club"]
[Date "2011.05.20"]
[Round "2"]
[White "jjaillet2007"]
[Black "IanT"]
[Result "1-0"]
[WhiteElo "1303"]
[BlackElo "1349"]
[Opening "QGD: exchange, positional line"]
[ECO "D35"]
[Time "21:05:20"]
[TimeControl "2700+45"]

1. d4 Nf6 2. c4 e6 3. Nc3 d5 4. cxd5 exd5 5. Bg5 Be7 6. e3 O-O 7. Bd3 h6 8. Bh4
Be6 9. Nf3 c5 10. O-O Nc6 11. Re1 Qd7 12. Ne5 Nxe5 13. dxe5 Ne8 14. Bb5 Qd8 15.
Bxe7 Qxe7 16. Nxd5 Bxd5 17. Qxd5 a6 18. Bd3 Rb8 19. Qe4 g6 20. e6 Qxe6 21. Qxe6
fxe6 22. Bxg6 Nd6 23. b3 Rf6 24. Bd3 Rbf8 25. f4 b5 26. a4 c4 27. bxc4 bxc4 28.
Bc2 Rc8 29. Red1 Nf7 30. Rac1 e5 31. Rf1 Kg7 32. fxe5 Rxf1+ 33. Kxf1 Nxe5 34.
Bb3 c3 35. Ke2 Kf6 36. e4 Kg5 37. g3 h5 38. h4+ Kg4 39. Be6+ Kxg3 40. Bxc8 Kxh4
41. Rxc3 Kg5 42. Ke3 h4 43. Kd4 Ng4 44. Bxg4 Kxg4 45. e5 h3 46. e6 h2 47. Rc1
Kg3 48. e7 Kg2 49. e8=Q h1=Q 50. Qe4+ Kg3 51. Qxh1 Kg4 52. Qe4+ Kg3 53. Rc3+ Kf2
54. Qf3+ Kg1 55. Qg3+ Kf1 56. Qh2 Ke1 57. Rc1# {Black checkmated} 1-0

[Event "Team 45 45 League T49"]
[Site "Internet Chess Club"]
[Date "2011.05.23"]
[Round "2"]
[White "chips"]
[Black "joaoazm"]
[Result "1/2-1/2"]
[WhiteElo "1213"]
[BlackElo "1161"]
[Opening "Réti opening"]
[ECO "A04"]
[Time "22:12:57"]
[TimeControl "2700+45"]

1. Nf3 e6 2. g3 d5 3. Bg2 Nf6 4. d4 Be7 5. O-O O-O 6. e3 c5 7. Nbd2 Nc6 8. c3 c4
9. a3 Bd7 10. b4 b5 11. a4 a6 12. axb5 axb5 13. Rxa8 Qxa8 14. Bb2 Ne4 15. Qa1
Nxd2 16. Nxd2 Qxa1 17. Rxa1 Rb8 18. Nf3 f6 19. Nd2 {Game drawn by mutual
agreement} 1/2-1/2

[Event "Team 45 45 League T49"]
[Site "Internet Chess Club"]
[Date "2011.05.23"]
[Round "2"]
[White "Mclintock45"]
[Black "bhandelman"]
[Result "0-1"]
[WhiteElo "940"]
[BlackElo "1137"]
[Opening "Two knights defense"]
[ECO "C57"]
[Time "09:02:42"]
[TimeControl "2700+45"]

1. e4 e5 2. Nf3 Nc6 3. Bc4 Nf6 4. Ng5 d5 5. exd5 Nxd5 6. Ne4 Bf5 7. Bxd5 Qxd5 8.
Nec3 Qxg2 9. Ke2 Bg4+ 10. Ke3 Bxd1 11. Rxd1 Bc5+ 12. Ke2 Rd8 13. a3 Qxf2# {White
checkmated} 0-1

[Event "Team 45 45 League T49"]
[Site "Internet Chess Club"]
[Date "2011.05.21"]
[Round "2"]
[White "Razorbackchess"]
[Black "mitus"]
[Result "1-0"]
[WhiteElo "1830"]
[BlackElo "1803"]
[Opening "Bogo-Indian defense, Nimzovich variation"]
[ECO "E11"]
[Time "07:07:55"]
[TimeControl "2700+45"]

1. d4 Nf6 2. c4 e6 3. Nf3 Bb4+ 4. Bd2 Qe7 5. g3 Nc6 6. Bg2 d5 7. cxd5 exd5 8. a3
Bd6 9. Nc3 Be6 10. O-O a6 11. Rc1 O-O 12. b4 Na7 13. Ne5 Nd7 14. Nxd7 Qxd7 15.
Nxd5 c6 16. Nb6 {Black resigns} 1-0

[Event "Team 45 45 League T49"]
[Site "Internet Chess Club"]
[Date "2011.05.24"]
[Round "2"]
[White "clarinetref"]
[Black "parrot9"]
[Result "1-0"]
[WhiteElo "1622"]
[BlackElo "1597"]
[Opening "Sicilian: Najdorf variation"]
[ECO "B98"]
[Time "14:38:02"]
[TimeControl "2700+45"]

1. e4 c5 2. Nf3 d6 3. d4 cxd4 4. Nxd4 Nf6 5. Nc3 a6 6. Bg5 e6 7. f4 Be7 8. Qf3
Qc7 9. O-O-O O-O 10. Bd3 b5 11. g4 b4 12. Nce2 Nbd7 13. Bxf6 Nxf6 14. g5 Nd7 15.
h4 Bb7 16. Qh3 Nc5 17. Ng3 a5 18. Rh2 a4 19. f5 Nxd3+ 20. Rxd3 Ba6 21. Rf3 e5
22. f6 exd4 23. fxe7 Qxe7 24. Rd2 d3 25. cxd3 b3 26. a3 Qc7+ 27. Kd1 Rac8 28.
Ke2 Rce8 29. Kf2 Qc1 30. Re2 Rc8 31. Qf1 Qxf1+ 32. Kxf1 Rc1+ 33. Kf2 Rc2 34. Nf5
g6 35. Nxd6 Bc8 36. Nxc8 Rfxc8 37. Re3 f6 38. gxf6 Kf7 39. e5 Ke6 40. Kf3 Rd8
41. Kf4 Rxd3 42. Rxd3 Rxe2 43. Rd6+ Kf7 44. Rd7+ Ke6 45. Re7+ Kd5 46. f7 Rf2+
47. Ke3 Rf5 48. e6 Kd6 49. Re8 Re5+ 50. Kd4 Rd5+ 51. Kc4 Rf5 52. f8=Q+ Rxf8 53.
Rxf8 Kxe6 {Black resigns} 1-0

[Event "Team 45 45 League T49"]
[Site "Internet Chess Club"]
[Date "2011.05.22"]
[Round "2"]
[White "Invicta-Knight"]
[Black "PostMike"]
[Result "1/2-1/2"]
[WhiteElo "1507"]
[BlackElo "1504"]
[Opening "Sicilian: closed"]
[ECO "B23"]
[Time "14:32:22"]
[TimeControl "2700+45"]

1. e4 c5 2. Nc3 d6 3. f4 g6 4. Nf3 Bg7 5. Bc4 Nc6 6. O-O e6 7. d3 Nge7 8. Qe1 h6
9. Bd2 O-O 10. a3 d5 11. exd5 exd5 12. Ba2 Re8 13. Qf2 b6 14. Kh1 Nd4 15. Nxd4
Bxd4 16. Qh4 Bg7 17. Rae1 Bb7 18. Re2 Nf5 19. Rxe8+ Qxe8 20. Qe1 Qd7 21. Nd1 Re8
22. Qf2 Bd4 23. Qf3 Nh4 24. Qg3 Re2 25. Qxh4 Rxd2 26. c3 Bg7 27. Bb1 d4 28. Rg1
dxc3 29. bxc3 Qd5 30. Ne3 Qe6 31. Qe1 Bxg2+ 32. Rxg2 Rxg2 33. Kxg2 Bxc3 34. Qxc3
Qxe3 35. Qe5 Qd2+ 36. Kh3 Qd1 37. Qe8+ Kg7 38. Qe5+ Kg8 39. Qe8+ Kg7 40. Qe5+
Kg8 41. Qe8+ {Game drawn by repetition} 1/2-1/2

[Event "Team 45 45 League T49"]
[Site "Internet Chess Club"]
[Date "2011.05.21"]
[Round "2"]
[White "tryanything"]
[Black "ElmerHo"]
[Result "1/2-1/2"]
[WhiteElo "1586"]
[BlackElo "1579"]
[Opening "Petrov: French attack"]
[ECO "C42"]
[Time "17:49:39"]
[TimeControl "2700+45"]

1. e4 e5 2. Nf3 Nf6 3. Nxe5 d6 4. Nf3 Nxe4 5. d3 Nf6 6. Nc3 d5 7. Be2 Be7 8. O-O
O-O 9. Bf4 c6 10. d4 Nbd7 11. a3 Re8 12. b4 a6 13. Re1 b5 14. Ne5 Bb7 15. Nxd7
Qxd7 16. Qd3 Bd6 17. Qg3 Bxf4 18. Qxf4 a5 19. Bd3 axb4 20. axb4 Rxe1+ 21. Rxe1
Re8 22. Rxe8+ Qxe8 23. Qe3 Kf8 24. Qxe8+ Kxe8 25. Nd1 Bc8 26. h3 g6 27. g4 Ke7
28. f3 h5 29. Kf2 hxg4 30. hxg4 Nh7 31. c3 f5 32. Kg3 Kf6 33. gxf5 Bxf5 34. Bf1
Nf8 35. Ne3 Ne6 36. Ng4+ Bxg4 37. Kxg4 Ng5 38. Bd3 Ne6 {Game drawn by mutual
agreement} 1/2-1/2

[Event "Team 45 45 League T49"]
[Site "Internet Chess Club"]
[Date "2011.05.21"]
[Round "2"]
[White "Tamarin"]
[Black "vaknight"]
[Result "1/2-1/2"]
[WhiteElo "1819"]
[BlackElo "1756"]
[Opening "Dutch with c4 & Nc3"]
[ECO "A85"]
[Time "21:30:24"]
[TimeControl "2700+45"]

1. d4 f5 2. c4 Nf6 3. Nc3 g6 4. f3 Bg7 5. e4 d6 6. Bd3 fxe4 7. fxe4 O-O 8. Nf3
Bg4 9. O-O Nc6 10. Be3 Qd7 11. Qd2 Bxf3 12. Rxf3 Ng4 13. Rxf8+ Rxf8 14. Ne2 Nxe3
15. Qxe3 Qg4 16. Rf1 Rxf1+ 17. Kxf1 Qh4 18. h3 Bh6 19. Qf3 Qg5 20. c5 e6 21. d5
exd5 22. exd5 Ne5 23. Qe4 Qd2 24. cxd6 cxd6 25. Bc2 b5 26. b3 Be3 27. a4 a6 28.
axb5 axb5 29. b4 Kg7 30. Bb3 Bb6 31. Qf4 Qb2 32. Bd1 Qb1 33. Qd2 Nc4 34. Qc3+
Kg8 35. Ke1 Be3 36. Qf6 Qxb4+ 37. Nc3 Ne5 38. Qe6+ Kg7 39. Qe7+ Kg8 40. Qe8+ Kg7
{Game drawn by mutual agreement} 1/2-1/2

[Event "Team 45 45 League T49"]
[Site "Internet Chess Club"]
[Date "2011.05.21"]
[Round "2"]
[White "Giacometti"]
[Black "room-matt"]
[Result "0-1"]
[WhiteElo "1654"]
[BlackElo "1655"]
[Opening "Bird's opening"]
[ECO "A02"]
[Time "10:34:48"]
[TimeControl "2700+45"]

1. f4 Nf6 2. g3 g6 3. Bg2 Bg7 4. Nf3 d5 5. O-O O-O 6. d3 c5 7. c3 Nc6 8. Qe1 Be6
9. e4 dxe4 10. dxe4 Bc4 11. Rf2 Rc8 12. Rd2 Bd3 13. Qd1 c4 14. Ne1 Qb6+ 15. Kh1
Bxe4 16. Na3 Na5 17. Rd4 Bxg2+ 18. Kxg2 h5 19. Be3 Qc6+ 20. Qf3 Ng4 21. Rd2
Nxe3+ {White resigns} 0-1